 Dungeon Crawl Stone Soup version 0.19.4-8-ga85b6b9 (webtiles) character file.

787 Naow the Caller (level 7, -19/36 HPs)
             Began as a Deep Elf Summoner on Feb 10, 2017.
             Was a Follower of Sif Muna.
             Demolished by an orc warrior
             ... wielding a +0 trident
              (20 damage)
             ... on level 6 of the Dungeon.
             The game lasted 00:25:03 (8232 turns).

Naow the Caller (Deep Elf Summoner)                 Turns: 8232, Time: 00:25:04

Health: -19/36     AC:  3    Str:  5    XL:     7   Next: 56%
Magic:  2/17       EV: 13    Int: 22    God:    Sif Muna [*.....]
Gold:   250        SH:  5    Dex: 15    Spells: 5 memorised, 7 levels left

rFire  . . .     SeeInvis .     m - +2 whip (freeze)
rCold  . . .     Gourm    .     a - +0 robe
rNeg   . . .     Faith    .     k - +0 buckler
rPois  .         Spirit   .     (no helmet)
rElec  .         Reflect  .     (no cloak)
rCorr  .         Harm     .     f - +0 pair of gloves
MR     .....                    (no boots)
Stlth  ++........               (no amulet)
                                (no ring)
                                (no ring)

@: no status effects
A: no striking features
a: Divine Energy, Renounce Religion


You were on level 6 of the Dungeon.
You worshipped Sif Muna.
Sif Muna was aware of your devotion.
You were not hungry.

You visited 1 branch of the dungeon, and saw 6 of its levels.

You collected 250 gold pieces.

Inventory:

Hand Weapons
 d - a +0 dagger
 m - a +2 whip of freezing (weapon)
Armour
 a - a +0 robe (worn)
 f - a +0 pair of gloves (worn)
 k - a +0 buckler (worn)
Scrolls
 e - a scroll of amnesia {unknown}
 i - 2 scrolls of fear {unknown}
 j - 2 scrolls of remove curse
 n - a scroll of random uselessness
 o - 6 scrolls of identify {unknown}
 w - a scroll of enchant armour {unknown}
 y - a scroll of immolation {unknown}
 B - a scroll of recharging {unknown}
Potions
 g - 2 potions of degeneration {unknown}
 l - a potion of flight {unknown}
 p - a potion of invisibility {unknown}
 q - 2 potions of curing {unknown}
 r - a potion of ambrosia
 s - a potion of mutation {unknown}
 t - a potion of brilliance {unknown}
Books
 b - a book of Callings

   Spells                             Type                      Level
   a - Summon Small Mammal            Summoning                    1
   b - Call Imp                       Summoning                    2
   c - Call Canine Familiar           Summoning                    3
   d - Summon Guardian Golem          Hexes/Summoning              3
   e - Summon Lightning Spire         Summoning/Air                4
   f - Summon Ice Beast               Ice/Summoning                4
 h - a book of Misfortune

   Spells                             Type                      Level
   a - Confusing Touch                Hexes                        1
   b - Confuse                        Hexes                        3
   c - Gell's Gravitas                Hexes/Translocation          3
   d - Petrify                        Transmutation/Earth          4
   e - Metabolic Englaciation         Hexes/Ice                    5
   f - Yara's Violent Unravelling     Hexes/Transmutation          5
Comestibles
 c - 5 bread rations
 u - 2 royal jellies
 x - 2 slices of pizza
 z - a beef jerky


   Skills:
 - Level 2.4 Dodging
 - Level 2.4 Stealth
 * Level 4.0 Shields
 + Level 5.5 Spellcasting
 * Level 7.6 Summonings


You had 7 spell levels left.
You knew the following spells:

 Your Spells              Type           Power        Failure   Level  Hunger
a - Summon Small Mammal   Summ           ####         1%          1    None
b - Call Imp              Summ           #####...     1%          2    None
c - Call Canine Familiar  Summ           #####...     1%          3    ##.....
d - Summon Guardian Gole  Hex/Summ       ###.....     8%          3    ##.....
e - Confusing Touch       Hex            #.....       12%         1    None


Dungeon Overview and Level Annotations

Branches:
Dungeon (6/15)
 Temple: D:4-7

Altars:
Dithmenos
Elyvilon
Gozag
Sif Muna
Vehumet
Yredelemnul

Shops:
D:6 (


Message History

You block the orc warrior's attack.
You hit the scorpion. You freeze the scorpion.
The scorpion is heavily wounded.
The scorpion barely misses the orc warrior.
The orc warrior hits you from afar with a trident!
You catch the helpless scorpion completely off-guard!
You hit the scorpion but do no damage.
The scorpion is heavily wounded.
The scorpion misses the orc warrior.
The orc warrior misses you.
You hit the scorpion. You freeze the scorpion.
The scorpion is heavily wounded.
The scorpion stings the orc warrior but does no damage.
The orc warrior closely misses you. You block the scorpion's attack.
You barely miss the scorpion.
The scorpion is heavily wounded.
The scorpion stings you!
* * * LOW HITPOINT WARNING * * *
The orc warrior hits you from afar with a trident!!
Ouch! That really hurt!
You die...

#.##.##.######
#.#..##.#
#............#
#.##.##.#
####.###.....#
#.##.##.# #.#
#.∩...# #.#####.#
#.# #.....##### ###
#.# #.......#
###.####..#####
.....##..#####
#.#.#.##..#hs@#
#.........#o###
###.###.##.#...###
........##.......#
###..###........####
.... #....o......#
....h###$...hr.....#
.....o.............#
....ro###.#.....####


You could see an orc warrior, a scorpion (confused) and a jackal.

Vanquished Creatures
  3 gnolls (D:5)
  An ooze (D:4)
  A leopard gecko (D:2)
  2 orcs
  6 bats
  A giant cockroach (D:4)
  A goblin (D:1)
  2 quokkas (D:4)
  A kobold (D:1)
  3 rats
21 creatures vanquished.

Vanquished Creatures (collateral kills)
  Pikel (D:2)
  Sigmund (D:4)
  An ice beast (D:5)
  An ogre (D:5)
  A scorpion (D:5)
  2 bullfrog skeletons (D:5)
  3 orc wizards
  A gnoll shaman (D:4)
  An orc priest (D:5)
  3 hounds
  A centaur skeleton (D:3)
  Terence (D:2)
  3 worker ants
  12 adders
  8 gnolls
  A shadow imp (D:4)
  An ooze (D:1)
  5 worms
  2 dart slugs (D:1)
  2 leopard geckos (D:1)
  10 orcs
  2 ball pythons (D:2)
  4 bats
  2 giant cockroaches (D:1)
  4 goblins
  4 hobgoblins
  A jackal (D:6)
  3 quokkas
  2 frilled lizards
  10 kobolds
  8 rats
101 creatures vanquished.

Vanquished Creatures (others)
  2 slaves (D:4)
  2 quokkas (D:4)
4 creatures vanquished.

Grand Total: 126 creatures vanquished

Notes
Turn   | Place    | Note
-------+----------+-------------------------------------------
     0 | D:1      | Naow the Deep Elf Summoner began the quest for the Orb.
     0 | D:1      | Reached XP level 1. HP: 10/10 MP: 6/6
   160 | D:1      | Reached XP level 2. HP: 14/15 MP: 8/8
   187 | D:1      | Learned a level 2 spell: Call Imp
   475 | D:1      | Reached skill level 5 in Summonings
   721 | D:1      | Lost strength.
  1039 | D:2      | Reached XP level 3. HP: 19/19 MP: 6/10
  1045 | D:2      | Learned a level 3 spell: Call Canine Familiar
  1067 | D:2      | Found a faded altar of an unknown god.
  1260 | D:2      | Noticed Terence
  1276 | D:2      | Killed Terence
  1276 | D:2      | Reached skill level 1 in Shields
  1443 | D:2      | Found a radiant altar of Vehumet.
  1449 | D:2      | Reached XP level 4. HP: 24/24 MP: 2/11
  2083 | D:2      | Found a basalt altar of Yredelemnul.
  3222 | D:3      | Reached XP level 5. HP: 23/28 MP: 8/12
  3313 | D:3      | Found a deep blue altar of Sif Muna.
  3321 | D:3      | Became a worshipper of Sif Muna the Loreminder
  4307 | D:4      | Reached skill level 6 in Summonings
  4385 | D:4      | Noticed Sigmund
  4633 | D:4      | Noticed Pikel
  4633 | D:4      | Noticed a slave
  4633 | D:4      | Noticed a slave
  4633 | D:4      | Noticed a slave
  4633 | D:4      | Noticed a slave
  4894 | D:2      | Learned a level 3 spell: Summon Guardian Golem
  4896 | D:2      | Learned a level 1 spell: Confusing Touch
  4921 | D:2      | Killed Pikel
  4921 | D:2      | Reached XP level 6. HP: 25/32 MP: 1/15
  5272 | D:4      | Reached skill level 7 in Summonings
  5281 | D:4      | Killed a freed slave
  5292 | D:5      | Entered Level 5 of the Dungeon
  5592 | D:5      | Found an opulent altar of Gozag.
  5721 | D:5      | Noticed an ice beast
  5834 | D:4      | Killed a freed slave
  5995 | D:4      | Killed Sigmund
  6138 | D:4      | Reached XP level 7. HP: 32/36 MP: 9/16
  6479 | D:4      | Found a white marble altar of Elyvilon.
  6520 | D:4      | Found a shadowy altar of Dithmenos.
  6745 | D:5      | Reached skill level 5 in Spellcasting
  6872 | D:5      | Reached * piety under Sif Muna
  8155 | D:6      | Found Uvves's Weapon Emporium.
  8232 | D:6      | HP: 1/36 [scorpion (10)]
  8232 | D:6      | Demolished by an orc warrior

Skill      XL: |  1  2  3  4  5  6  7 |
---------------+----------------------+-----
Summonings     | 5 6 7 |  7.6
Shields        | 1 3 4 |  4.0
Spellcasting   | 4 5 |  5.5
Dodging        | |  2.4
Stealth        | |  2.4

Action                   |  1- 3 |  4- 6 |  7- 9 || total
-------------------------+-------+-------+-------++-------
Melee: Dagger            |    15 |    47 |       ||    62
       Whip              |       |     4 |    41 ||    45
       Unarmed           |       |       |     2 ||     2
 Cast: Summon Small Mamm |    62 |    80 |    20 ||   162
       Call Imp          |    10 |    36 |    23 ||    69
       Call Canine Famil |     4 |    23 |    20 ||    47
       Summon Guardian G |       |     2 |     1 ||     3
       Confusing Touch   |       |     1 |     2 ||     3
  Use: Scroll            |     2 |     2 |     1 ||     5
       Potion            |       |     2 |     1 ||     3
 Stab: Sleeping          |     3 |     2 |       ||     5
       Distracted        |       |     1 |     1 ||     2
       Confused          |       |       |     1 ||     1
  Eat: Chunk             |     2 |     8 |     7 ||    17
       Bread ration      |       |     2 |       ||     2
Armor: Robe              |     9 |    28 |     9 ||    46
Dodge: Dodged            |    45 |    86 |    40 ||   171
Block: Buckler           |       |    30 |    13 ||    43
